 Dungeon Crawl Stone Soup version 0.30-a0-1160-g6e42c06551 (webtiles) character file.

Game seed: 17026540261689814912

272 Jase the Shield-Bearer (level 6, 0/49 HPs)
             Began as a Formicid Fighter on Apr 26, 2023.
             Was an Initiate of Nemelex Xobeh.
             Killed by divine providence
             ... invoked by an orc priest
              (11 damage)
             ... on level 4 of the Dungeon.
             The game lasted 00:05:37 (2051 turns).

Jase the Shield-Bearer (Formicid Fighter)           Turns: 2051, Time: 00:05:38

Health: 0/49       AC: 14    Str: 23    XL:     6   Next: 48%
Magic:  0/6        EV:  8    Int:  7    God:    Nemelex Xobeh [......]
Gold:   107        SH:  5    Dex: 16    Spells: 5/5 levels left

rFire   . . .        a - +0 war axe
rCold   . . .        c - +0 buckler
rNeg    . . .        m - +0 chain mail
rPois   .            (helmet unavailable)
rElec   .            (no cloak)
rCorr   .            r - +0 pair of gloves
SInv    +            (no boots)
Will    .....        t - amulet "Omev" {Spirit Dex+3} Stlth
                     l - +4 ring of protection
HPRegen 0.28/turn    (no ring)
MPRegen 0.10/turn

%: guardian spirit
@: mighty
A: permanent stasis, dig shafts and tunnels, antennae 3, four strong arms
a: Dig, Shaft Self, Renounce Religion, Draw Escape, Draw Destruction, Draw
Summoning


You were on level 4 of the Dungeon.
You worshipped Nemelex Xobeh.
Nemelex Xobeh was noncommittal.
You visited 1 branch of the dungeon, and saw 4 of its levels.

You collected 107 gold pieces.

Inventory:

Hand Weapons
 a - a +0 war axe (weapon)
 b - a +0 sling
Armour
 c - a +0 buckler (worn)
 m - a +0 chain mail (worn)
 r - a +0 pair of gloves (worn)
Jewellery
 l - a +4 ring of protection (left hand)
 t - the amulet "Omev" (around neck) {Spirit Dex+3}
   (You found it on level 3 of the Dungeon)

   [amulet of guardian spirit]

   It causes incoming damage to be divided between your reserves of health and
   magic.
   Dex:       It affects your dexterity (+3).
Scrolls
 e - 2 scrolls of fear {unknown}
 h - a scroll of poison {unknown}
 i - 3 scrolls of immolation {unknown}
 k - a scroll of butterflies {unknown}
 o - 5 scrolls of teleportation {unknown}
 p - 2 scrolls of fog {unknown}
 s - a scroll of magic mapping {unknown}
 u - 2 scrolls of acquirement {unknown}
 w - 4 scrolls of identify {unknown}
 x - a scroll of enchant weapon {unknown}
Potions
 d - 2 potions of might
 f - a potion of lignification {unknown}
 g - 3 potions of curing {unknown}
 j - a potion of attraction {unknown}
 n - a potion of cancellation {unknown}
 q - a potion of heal wounds {unknown}
 v - a potion of mutation {unknown}


   Skills:
 + Level 4.4 Fighting
 * Level 4.1 Axes
 + Level 4.3 Armour
 + Level 5.2 Shields
 + Level 1.1 Invocations


You had 5 spell levels left.
You didn't know any spells.
Your spell library contained the following spells:

 Spells                   Type           Power      Damage    Failure   Level
 Sublimation of Blood     Necr           0%         N/A       99%         2
 Wereblood                Tmut           0%         N/A       99%         2
 Manifold Assault         Tloc           0%         N/A       100%        4
 Storm Form               Tmut/Air       0%         N/A       100%        7
 Summon Hydra             Summ           0%         N/A       100%        7
 Blink                    Tloc           Unusable   N/A       N/A         2

Dungeon Overview and Level Annotations

Branches:
Dungeon (4/15)
 Temple: D:4-7

Altars:
Hepliaklqana
Nemelex Xobeh
Okawaru
Vehumet


Innate Abilities, Weirdness & Mutations

You cannot be hasted, slowed, berserked, paralysed or teleported.
You can dig through walls and to a lower floor.
You have a pair of large antennae on your head. (SInv)
Your four strong arms can wield two-handed weapons with a shield.


Message History

The orc wizard is lightly wounded.
The orc wizard barely misses you.
You completely miss the orc wizard.
The orc wizard is lightly wounded.
The orc wizard closely misses you.
You barely miss the orc wizard.
The orc wizard is lightly wounded.
The orc wizard hits you with a +0 dagger.
The orc priest calls down the wrath of Beogh upon you.
Beogh smites you! The orc wizard casts a spell at you.
The puff of flame hits you but does no damage.
You hit the orc wizard.
The orc wizard is lightly wounded.
The orc wizard barely misses you.
You closely miss the orc wizard.
The orc wizard is lightly wounded.
The orc wizard hits you but does no damage.
The orc priest calls down the wrath of Beogh upon you.
Beogh smites you!
You barely miss the orc wizard.
The orc wizard is lightly wounded.
The orc wizard hits you but does no damage.
You hit the orc wizard.
The orc wizard is moderately wounded.
The orc wizard hits you with a +0 dagger.
The orc priest invokes the aid of Beogh against you.
Beogh smites you!
* * * LOW HITPOINT WARNING * * *
You block the orc wizard's attack.
You feel very mighty all of a sudden. The orc wizard barely misses you.
Unknown command.
You completely miss the orc wizard.
The orc wizard is moderately wounded.
The orc wizard closely misses you.
The orc priest invokes the aid of Beogh against you.
Beogh smites you!
You die...
Your body disappears without a glow.

#.##.#.♣..≈≈≈≈≈
########.##...♣.≈.....
.........###.#♣.≈.≈≈≈.
#####........♣.≈≈...≈
#...#.###♣.≈≈._.≈
##.......♣.≈≈...≈
#.......♣.≈.≈≈≈.
.########.......♣.≈.....
#...ooo@........♣..≈≈≈≈≈
.##.#####........ ♣♣♣♣♣♣
#........# #........#
#.##.###.# #.# .# #.# .#
.#


You could see an orc priest, an orc wizard and an orc.

Vanquished Creatures
  A black bear (D:4)
  Jessica (D:3)
  Terence (D:2)
  Robin (D:3)
  4 adders
  2 worms
  2 dart slugs
  3 orcs (D:3)
  3 ball pythons
  5 endoplasms
  2 giant cockroaches
  11 goblins
  7 hobgoblins
  2 jackals (D:1)
  2 quokkas
  9 bats
  5 frilled lizards
  2 kobolds
  5 rats
68 creatures vanquished.

Notes
Turn   | Place    | Note
-------+----------+-------------------------------------------
     0 | D:1      | Jase the Formicid Fighter began the quest for the Orb.
     0 | D:1      | Reached XP level 1. HP: 18/18 MP: 1/1
   103 | D:1      | Reached XP level 2. HP: 24/24 MP: 2/2
   535 | D:2      | Reached XP level 3. HP: 29/29 MP: 3/3
   889 | D:2      | Noticed Terence
   904 | D:2      | Killed Terence
   905 | D:2      | Reached XP level 4. HP: 14/37 MP: 4/4
  1243 | D:3      | Noticed Jessica
  1249 | D:3      | Killed Jessica
  1256 | D:3      | Reached XP level 5. HP: 22/42 MP: 5/5
  1356 | D:3      | Identified the amulet "Omev" {Spirit Dex+3}
  1433 | D:3      | Noticed Robin
  1472 | D:3      | Killed Robin
  1541 | D:3      | Found a sparkling altar of Nemelex Xobeh.
  1542 | D:3      | Found a radiant altar of Vehumet.
  1543 | D:3      | Found a hazy altar of Hepliaklqana.
  1567 | D:3      | Became a worshipper of Nemelex Xobeh the Trickster
  1837 | D:3      | Reached skill level 5 in Shields
  1886 | D:4      | Noticed a black bear
  1899 | D:4      | Killed a black bear
  1900 | D:4      | Reached skill level 1 in Invocations
  1900 | D:4      | Reached XP level 6. HP: 33/49 MP: 2/6
  1991 | D:4      | Found an iron altar of Okawaru.
  2051 | D:4      | Killed from afar by an orc priest

Illustrated notes

Levels and vault maps discovered:
D:1:      spicycebolla_green_bress_n_ham, layout_basic
D:2:      layout_basic, grunt_ministairs_14, uniq_terence
D:3:      layout_basic, chequers_temple_overflow_statue_of_worship,
          uniq_jessica, uniq_robin
D:4:      layout_loops_ring, mainiacjoe_overflow_paths,
          minmay_temple_entry_wispy, chequers_serial_rivers_micro_d,
          grunt_ministairs_9, minmay_misc_feat_cross

Skill      XL: |  1  2  3  4  5 |
---------------+----------------+-----
Axes           | 3 4 |  4.1
Fighting       | 4 |  4.4
Armour         | 4 |  4.3
Shields        | 5 |  5.2
Invocations    | 1 |  1.1

Action                     |  1- 3 |  4- 6 || total
---------------------------+-------+-------++-------
  Melee: War axe           |    77 |   131 ||   208
    Use: Potion            |       |     1 ||     1
 Armour: Scale mail        |    36 |       ||    36
         Chain mail        |     2 |    88 ||    90
  Dodge: Dodged            |    31 |    50 ||    81
  Block: Buckler           |    19 |    35 ||    54

Table legend: (Time is in decaauts)
 A = Elapsed time spent in this place.
 B = Non-inter-level travel time spent in this place.
 C = Inter-level travel time spent in this place.
 D = Time resting spent in this place.
 E = Time spent auto-exploring this place.
 F = Levels seen in this place.
 G = Mean time per level.
                   A        B        C        D        E       F      G
               +--------+--------+--------+--------+--------+-----+--------+
         Total |   2127 |   2082 |     45 |    237 |   1241 |   4 |  531.8 |
       Dungeon |   2127 |   2082 |     45 |    237 |   1241 |   4 |  531.8 |
               +--------+--------+--------+--------+--------+-----+--------+

Top non-repeatable levels by time:
     D:2: 717 daAuts
     D:3: 686 daAuts
     D:1: 539 daAuts
     D:4: 184 daAuts
